 Dungeon Crawl Stone Soup version 0.32-a0-818-gb728d0252e (webtiles) character file.

Game seed: 8311321060195402059

112820 jasper the Cruncher (level 16, -2/125 HPs)
             Began as a Demonspawn Hedge Wizard on Mar 23, 2024.
             Was the Champion of Sif Muna.
             Slain by a fire elemental (9 damage)
             ... summoned by a deep elf pyromancer
             ... on level 15 of the Dungeon on Mar 24, 2024.
             The game lasted 01:47:37 (33798 turns).

jasper the Cruncher (Demonspawn Hedge Wizard)      Turns: 33798, Time: 01:47:37

Health: -2/125     AC: 20    Str: 10    XL:     16   Next: 12%
Magic:  21/26      EV: 17    Int: 34    God:    Sif Muna [******]
Gold:   1697       SH:  5    Dex: 17    Spells: 3/29 levels left

rFire   . . .        E - +7 lajatang of Order {silver, rMut}
rCold   . . .        (shield currently unavailable)
rNeg    . . .        C - +0 swamp dragon scales
rPois   +            a - +2 hat "Ynu Soi" {Regen+ Dex+3}
rElec   .            M - +2 cloak
rCorr   .            x - +2 pair of gloves
SInv    .            k - +2 pair of boots
Will    +....        v - amulet of reflection
Stlth   +            W - +6 ring of intelligence
HPRegen 1.20/turn    w - +6 ring of intelligence
MPRegen 0.20/turn

%: repel missiles, reflection, resist mutation
@: forested
A: horns 2, repulsion field 3, foul stench 2, demonic magic 3
a: Renounce Religion, Channel Magic, Forget Spell, Divine Exegesis


You were on level 15 of the Dungeon.
You worshipped Sif Muna.
Sif Muna was exalted by your worship.
You visited 4 branches of the dungeon, and saw 23 of its levels.
You also visited: Bailey.

You collected 4043 gold pieces.
You spent 2346 gold pieces at shops.

Inventory:

Hand Weapons
 E - the +7 lajatang of Order (weapon) {silver, rMut}
   (You bought it in a shop on level 2 of the Orcish Mines)

   rMut:      It protects you from mutation.
Missiles
 f - 192 stones
 o - 2 throwing nets
 q - 35 poisoned darts
 A - 9 javelins
 R - 4 curare-tipped darts
Armour
 a - the +2 hat "Ynu Soi" (worn) {Regen+ Dex+3}
   (You acquired it on level 2 of the Lair of Beasts)

   Dex+3:     It affects your dexterity (+3).
   Regen+:    It increases your rate of health regeneration.
 k - a +2 pair of boots (worn)
 r - a scarf of resistance
 x - a +2 pair of gloves (worn)
 C - +0 swamp dragon scales (worn)
 M - a +2 cloak (worn)
Jewellery
 v - an amulet of reflection (around neck)
 w - a +6 ring of intelligence (right hand)
 y - an amulet of magic regeneration
 z - a ring of positive energy
 I - a ring of resist corrosion
 K - a ring of protection from cold
 O - a ring of ice
 P - a +4 ring of protection
 U - a ring of protection from fire
 W - a +6 ring of intelligence (left hand)
Wands
 c - a wand of mindburst (10)
 t - a wand of polymorph (3)
 B - a wand of light (10)
 G - a wand of digging (6)
 N - a wand of roots (19)
 S - a wand of flame (37)
 T - a wand of charming (22)
Scrolls
 d - 3 scrolls of amnesia
 e - 3 scrolls of identify
 p - 8 scrolls of teleportation
 D - a scroll of immolation
 H - 2 scrolls of brand weapon
 L - 3 scrolls of blinking
 Q - 4 scrolls of fog
 V - a scroll of poison
 Z - 3 scrolls of fear
Potions
 b - a potion of resistance
 g - a potion of lignification
 h - 6 potions of heal wounds
 i - 10 potions of curing
 j - 7 potions of attraction
 l - 5 potions of enlightenment
 m - 2 potions of haste
 u - a potion of berserk rage
 F - a potion of might
 J - a potion of mutation
 X - 3 potions of brilliance
Miscellaneous
 n - a condenser vane
 s - a lightning rod (4/4)
 Y - a box of beasts


   Skills:
 - Level 11.3 Fighting
 - Level 5.0(10.0) Maces & Flails
 * Level 13.3(13.7) Staves
 - Level 4.7 Armour
 - Level 9.0 Dodging
 - Level 1.7 Stealth
 - Level 7.0 Spellcasting
 - Level 8.0 Conjurations
 - Level 9.2 Summonings
 - Level 8.2 Translocations
 - Level 5.0 Ice Magic
 - Level 3.0 Air Magic
 - Level 8.0 Alchemy
 - Level 8.1 Invocations


You had 3 spell levels left.
You knew the following spells:

 Your Spells              Type           Power      Damage    Failure   Level
a - Magic Dart            Conj           100%       1d8       1%          1
b - Blink                 Tloc           100%       N/A       1%          2
c - Summon Forest         Summ/Tloc      32%        N/A       6%          5
d - Swiftness             Air            32%        N/A       8%          3
e - Mephitic Cloud        Conj/Alch/Air  53%        N/A       1%          3
f - Irradiate             Conj/Alch      30%        3d21      9%          5
g - Summon Lightning Spi  Summ/Air       52%        N/A       7%          4
h - Ozocubu's Armour      Ice            45%        N/A       3%          3

Your spell library contained the following spells:

 Spells                   Type           Power      Damage    Failure   Level
 Apportation              Tloc           100%       N/A       1%          1
 Freeze                   Ice            100%       1d10      1%          1
 Kiss of Death            Conj/Necr      100%       2d13      1%          1
 Call Imp                 Summ           100%       N/A       1%          2
 Lesser Beckoning         Tloc           100%       N/A       1%          2
 Mercury Vapours          Alch/Air       98%        N/A       1%          2
 Momentum Strike          Conj/Tloc      100%       3d10      1%          2
 Static Discharge         Conj/Air       98%        3-8/arc   1%          2
 Call Canine Familiar     Summ           66%        N/A       1%          3
 Gell's Gravitas          Tloc           61%        N/A       1%          3
 Hailstorm                Conj/Ice       54%        3d11      1%          3
 Cigotuvi's Dreadful Rot  Necr/Alch/Air  72%        N/A       3%          2
 Frozen Ramparts          Ice            90%        1d14      3%          3
 Ensorcelled Hibernation  Hex/Ice        56%        N/A       4%          2
 Slow                     Hex            44%        N/A       9%          1
 Scorch                   Fire           22%        2d5       13%         2
 Sublimation of Blood     Necr           11%        N/A       13%         2
 Confusing Touch          Hex            11%        N/A       26%         3
 Fugue of the Fallen      Necr           11%        N/A       26%         3
 Inner Flame              Hex/Fire       11%        N/A       26%         3
 Passwall                 Erth           11%        N/A       26%         3
 Sigil of Binding         Hex            11%        N/A       26%         3
 Tukima's Dance           Hex            11%        N/A       26%         3
 Vampiric Draining        Necr           11%        2d6       26%         3
 Iskenderun's Mystic Bla  Conj/Tloc      61%        2d13      3%          4
 Manifold Assault         Tloc           61%        N/A       3%          4
 Olgreb's Toxic Radiance  Alch           60%        N/A       3%          4
 Passage of Golubria      Tloc           61%        N/A       3%          4
 Vhi's Electric Charge    Tloc/Air       100%       N/A       9%          4
 Alistair's Intoxication  Alch           40%        N/A       9%          5
 Animate Armour           Summ/Erth      86%        N/A       13%         4
 Brom's Barrelling Bould  Conj/Erth      39%        2d6       16%         4
 Dimensional Bullseye     Hex/Tloc       19%        N/A       16%         4
 Flame Wave               Conj/Fire      39%        2d11      16%         4
 Leda's Liquefaction      Alch/Erth      19%        N/A       16%         4
 Petrify                  Alch/Erth      39%        N/A       16%         4
 Sticky Flame             Fire/Alch      39%        2d8       16%         4
 Arcjolt                  Conj/Air       24%        1d34      24%         5
 Freezing Cloud           Conj/Ice/Air   24%        6-21      26%         5
 Summon Cactus Giant      Summ           33%        N/A       28%         6
 Fireball                 Conj/Fire      19%        3d9       41%         5
 Yara's Violent Unravell  Hex/Alch       19%        3d9       41%         5
 Eringya's Noxious Bog    Alch           30%        4d6       43%         6
 Cause Fear               Hex            5%         N/A       63%         4
 Dispel Undead            Necr           11%        3d9       63%         4
 Summon Hydra             Summ           33%        N/A       85%         7
 Malign Gateway           Summ/Tloc      32%        N/A       89%         7
 Borgnjor's Vile Clutch   Necr/Erth      5%         N/A       93%         5
 Lee's Rapid Deconstruct  Erth           5%         3d6*      93%         5
 Starburst                Conj/Fire      19%        6d7       94%         6
 Plasma Beam              Fire/Air       11%        2x1d22    100%        6
 Haunt                    Necr/Summ      21%        N/A       100%        7
 Discord                  Hex            5%         N/A       100%        8
 Disjunction              Tloc           30%        N/A       100%        8
 Ignition                 Fire           5%         3d4       100%        8
 Lehudib's Crystal Spear  Conj/Erth      19%        10d6      100%        8
 Summon Horrible Things   Summ           33%        N/A       100%        8
 Chain Lightning          Conj/Air       24%        3d32      100%        9


Dungeon Overview and Level Annotations

Branches:
Dungeon (15/15)            Temple (1/1) D:4            Lair (5/5) D:10
 Shoals (0/4) Lair:2       Spider (0/4) Lair:3        Slime (0/5) Lair:4
    Orc (2/2) D:11            Elf (0/3) Orc:2        Vaults (0/5) D:13
 Depths (0/4) D:15         Bailey (visited)

Altars:
Ashenzari
Cheibriados
Dithmenos
Fedhas
Gozag
Hepliaklqana
Kikubaaqudgha
Makhleb
Nemelex Xobeh
Okawaru
Qazlal
Ru
Sif Muna
Trog
Uskayaw
Vehumet
Wu Jian
Xom
Yredelemnul
Jiyva

Shops:
D:13 *   D:14 *   Orc:2 ([(=

Annotations:
D:3 Sigmund
D:6 exclusion: black bear
D:7 exclusions: 3 killer bees and 2 more exclusions
D:8 2 runed translucent doors, Palms's ghost, novice CoHu
D:11 Erica
Lair:1 3 runed translucent doors, champdelmundo's ghost, journeyman HuGl
Lair:3 exclusion: 3 oklob plants
Lair:5 exclusion: obsidian statue


Innate Abilities, Weirdness & Mutations

You have a pair of horns on your head.
You are surrounded by a strong repulsion field. (EV +4, RMsl)
You sometimes emit foul miasma when damaged in melee.
Spells you cast and wands you use may paralyse nearby enemies.


Message History

The fire elemental hits you. The fire elemental burns you!
* * * LOW HITPOINT WARNING * * *
The orc knight is engulfed in dark miasma.
The orc knight looks as sick as possible!
The orc knight hits you with a +1 war axe of electrocution!
* * * LOW HITPOINT WARNING * * *
The orc misses you.
You take 21 damage, and have 22/125 hp.
Casting: Magic Dart (safe; 1% risk of failure)
Confirm with . or Enter, or press ? or * to list all spells.
A forested plane collides here with a resounding crunch!
Your dryad calls out to the forest.
The forest starts to sway and rumble!
Malevolent energies surge around you.
The orc suddenly stops moving!
The fire elemental barely misses you. You block the fire elemental's attack.
A four-headed hydra comes into view.
The orc knight is engulfed in dark miasma.
The orc knight looks as sick as possible!
The orc knight seems to slow down.
The orc knight hits you with a +1 war axe of electrocution.
* * * LOW HITPOINT WARNING * * *
You are electrocuted!
* * * LOW HITPOINT WARNING * * *
The deep elf pyromancer casts a spell at you.
The bolt of fire is repelled.
The fire elemental hits you.
* * * LOW HITPOINT WARNING * * *
The fire elemental burns you!
* * * LOW HITPOINT WARNING * * *
You emit a cloud of foul miasma!
The fire elemental barely misses you.
You take 21 damage, and have 1/125 hp.
You now have 21/26 mp.
You feel much better. Branches wave dangerously above you.
The orc knight is no longer moving slowly.
The deep elf pyromancer hits you with a +0 dagger.
* * * LOW HITPOINT WARNING * * *
You emit a cloud of foul miasma!
The fire elemental hits you. The fire elemental burns you!
* * * LOW HITPOINT WARNING * * *
The fire elemental hits you. The fire elemental burns you!
You die...

################# *******
##*#♣#♣##................
*,,,,,**#~##....♣.....###########
*,,,,,**~~~#..........♣
*,,,,,*~~.~~..........#**********
*,,,,,*~~~~~.......[..#,,,,,,,,,,
*,,,,,**~~~......)..♣.+,,,,,,,,,,
*,,,,,***~##.....)....♣,,,,,,,,,,
*,,,,,* *,*♣..)o@....♣#,,,,,,,,,,
*,,,,,* *,*#..)EEe....+,,,,,,~~~~
*,,,,,***,*#..°oE.R$..#,******~~~
*,,,,,,,,.....°.○D#+♣+#+*******~*
*,,,,,,,.....♣..○..,,,,,,,,,,,,**
*****,,,........○...,,,,,,,,,,,*
*,,,..$.......♣..,,,,,,,,,,*
*,,,.....)...♣....*,~~~*****
****,,,,,,,,,,,,',,,,*~~~~~*****


You could see a four-headed hydra, an orc knight (extremely poisoned), a deep
elf pyromancer (ally target), 3 fire elementals, an orc (paralysed) and a
friendly dryad (summoned).

Vanquished Creatures
  2 orc warlords (Orc:1)
  10 slime creatures
  A rakshasa (D:15)
  A vault guard (D:13)
  A death knight (D:15)
  A catoblepas (Lair:1)
  8 two-headed ogres
  A dancing weapon (D:13)
  2 tengu warriors (D:15)
  7 centaur warriors
  10 boulder beetles
  A spectral dire elephant (Lair:5)
  Sonja (Lair:1)
  A spectral death yak (Lair:5)
  A fire crab (D:12)
  A spectral anaconda (Lair:5)
  A deep elf archer (D:12)
  3 orc knights
  A necromancer (Lair:5)
  3 deep elf pyromancers
  4 manticores (D:12)
  10 ugly things
  8 elephants
  7 cyclopes
  A dire elephant zombie (Lair:5)
  A black mamba (Lair:5)
  A guardian serpent (shapeshifter) (D:12)
  A dire elephant skeleton (Lair:5)
  A molten gargoyle (Lair:3)
  A torpor snail (Lair:5)
  8 cane toads
  A yaktaur (D:12)
  3 kobold demonologists (D:12)
  An unseen horror (D:12)
  Maggie (Lair:2)
  2 efreet
  A rime drake (Lair:3)
  10 komodo dragons
  2 ice devils (D:12)
  6 trolls
  3 polar bears
  A raiju (shapeshifter) (D:12)
  11 blink frogs
  4 dream sheep (Lair:3)
  A snapping turtle (Lair:2)
  4 culicivoras (Lair:3)
  3 vampires
  49 yaks
  6 wraiths
  4 wyverns
  2 water elementals
  3 fire bats (Lair:3)
  A nameless horror (D:14)
  A steam dragon (D:7)
  2 wargs
  3 basilisks
  16 vampire mosquitoes
  A death yak simulacrum (Lair:5)
  A spectral cane toad (Lair:5)
  A hell hound (Orc:1)
  12 water moccasins
  4 acid dragons
  2 black bears
  24 orc warriors
  2 elephant zombies (Lair:5)
  A sky beast (D:7)
  2 ice beasts
  16 ogres
  A boggart (D:12)
  2 laughing skulls (D:14)
  11 centaurs
  26 wolves
  A kobold brigand (D:6)
  6 bullfrogs
  A gnoll sergeant (D:9)
  A cane toad simulacrum (Lair:5)
  A scorpion (D:6)
  11 wights
  3 elephant simulacra (Lair:5)
  A howler monkey (D:7)
  3 electric eels
  3 hounds
  2 jellies
  13 orc priests
  Jessica (D:3)
  6 hell rats (Lair:1)
  An iguana (D:5)
  15 orc wizards
  9 adders
  7 gnolls
  2 shadow imps
  3 white imps
  3 dart slugs
  2 ribbon worms
  68 orcs
  4 bats
  12 endoplasms
  5 giant cockroaches
  7 goblins
  9 hobgoblins
  8 kobolds
  4 quokkas
  11 ball pythons
  7 frilled lizards
  18 rats
595 creatures vanquished.

Vanquished Creatures (collateral kills)
  Rupert (Orc:2)
  Azrael (Orc:1)
  A dire elephant (Lair:5)
  Josephine (Lair:5)
  A hydra (D:14)
  A rakshasa (D:12)
  2 ogre magi (Orc:2)
  A centaur warrior (D:13)
  4 two-headed ogres (Orc:2)
  An orc high priest (Orc:1)
  A spectral dire elephant (Lair:5)
  A skyshark (Lair:5)
  2 deep trolls (Orc:2)
  5 orc knights (Orc:1)
  An obsidian bat (Orc:2)
  A deep elf pyromancer (D:13)
  2 necromancers (Lair:5)
  5 ugly things (D:14)
  An orc sorcerer (Orc:1)
  A cyclops (D:12)
  A manticore (D:12)
  Maurice (Orc:2)
  A kobold blastminer (Orc:2)
  5 elephants (Lair:5)
  A black mamba (Lair:5)
  A gargoyle (D:13)
  A cane toad (Lair:5)
  A rime drake (Lair:5)
  2 tengu conjurers (D:14)
  A freezing wraith (D:12)
  A komodo dragon (Lair:5)
  An unseen horror (D:12)
  6 trolls
  4 blink frogs (Lair:5)
  5 dream sheep (Lair:5)
  A wyvern (Lair:5)
  5 slime creatures (D:12)
  2 wraiths (Lair:5)
  A vampire (D:12)
  10 yaks (Lair:5)
  A vampire mosquito (D:13)
  4 wargs (Orc:1)
  A basilisk (Lair:5)
  3 hell hounds (Orc:2)
  A water moccasin (Lair:5)
  19 orc warriors
  14 ogres
  2 centaurs (D:14)
  5 orc priests (Orc:1)
  7 orc wizards
  27 orcs
169 creatures vanquished.

Vanquished Creatures (others)
  22 snaplasher vines
22 creatures vanquished.

Grand Total: 786 creatures vanquished

Notes
Turn   | Place    | Note
-------+----------+-------------------------------------------
     0 | D:1      | jasper the Demonspawn Hedge Wizard began the quest for the
                  | Orb.
     0 | D:1      | Reached XP level 1. HP: 13/13 MP: 4/4
   393 | D:1      | Gained mutation: Spells you cast may paralyse adjacent
                  | enemies. [demonic ancestry]
   393 | D:1      | Reached XP level 2. HP: 20/20 MP: 0/6
   396 | D:1      | Learned a level 2 spell: Blink
   399 | D:1      | Learned a level 2 spell: Call Imp
   402 | D:1      | Learned a level 2 spell: Cigotuvi's Dreadful Rot
  1025 | D:1      | Reached skill level 1 in Fighting
  1242 | D:1      | Gained mutation: You have a pair of small horns on your
                  | head. [demonic ancestry]
  1242 | D:1      | Reached XP level 3. HP: 26/26 MP: 3/7
  2972 | D:2      | Found a faded altar of an unknown god.
  3083 | D:3      | Reached XP level 4. HP: 33/33 MP: 1/9
  3768 | D:3      | Noticed Sigmund
  3881 | D:3      | Noticed Jessica
  3888 | D:3      | Gained mutation: Spells you cast may paralyse nearby
                  | enemies. [demonic ancestry]
  3888 | D:3      | Reached XP level 5. HP: 38/38 MP: 4/10
  3892 | D:3      | Learned a level 3 spell: Mephitic Cloud
  3949 | D:3      | Killed Jessica
  4000 | D:3      | Identified the +5 whip of Recklessness {freeze, rElec
                  | Int+3}
  4020 | D:3      | Found a snail-covered altar of Cheibriados.
  4222 | D:3      | Reached skill level 1 in Translocations
  4489 | D:4      | Noticed an ogre
  4516 | D:4      | Killed an ogre
  4517 | D:4      | Gained mutation: You are surrounded by a mild repulsion
                  | field. (EV +2) [demonic ancestry]
  4517 | D:4      | Reached XP level 6. HP: 28/46 MP: 3/12
  4829 | D:4      | Found a staircase to the Ecumenical Temple.
  4834 | Temple   | Entered the Ecumenical Temple
  4839 | Temple   | Became a worshipper of Sif Muna the Loreminder
  5237 | D:4      | Found a bloodstained altar of Trog.
  5320 | D:5      | Entered Level 5 of the Dungeon
  5368 | D:5      | Reached skill level 1 in Alchemy
  5369 | D:5      | Reached skill level 1 in Air Magic
  5805 | D:5      | Noticed an ice beast
  5852 | D:5      | Killed an ice beast
  5925 | D:5      | Gained mutation: You may rarely emit foul miasma when
                  | damaged in melee. [demonic ancestry]
  5925 | D:5      | Reached XP level 7. HP: 49/52 MP: 13/13
  7060 | D:6      | Found a broken altar of Ashenzari.
  7220 | D:6      | Identified the +5 mace "Voappa" {freeze, rCorr Dex+3}
  7347 | D:6      | Gained mutation: You are surrounded by a moderate repulsion
                  | field. (EV +3) [demonic ancestry]
  7347 | D:6      | Reached XP level 8. HP: 61/61 MP: 9/14
  7521 | D:6      | Learned a level 5 spell: Irradiate
  7670 | D:7      | Reached * piety under Sif Muna
  7823 | D:7      | Found a flagged portal.
  7836 | Bailey   | Entered a bailey
  8653 | Bailey   | Identified the +0 crystal plate armour of Greater Demons
                  | {Will+ Regen+ rCorr Dex-2}
  8972 | D:7      | Reached skill level 5 in Fighting
  8972 | D:7      | Reached skill level 5 in Conjurations
  9366 | D:7      | Reached skill level 5 in Alchemy
  9722 | D:8      | Gained mutation: Spells you cast and wands you use may
                  | paralyse nearby enemies. [demonic ancestry]
  9722 | D:8      | Reached XP level 9. HP: 68/68 MP: 6/15
 10696 | D:8      | Found a large runed translucent door.
 10696 | D:8      | Found a large runed translucent door.
 10699 | D:8      | Noticed Palms's ghost (novice CoHu)
 11220 | D:8      | Reached ** piety under Sif Muna
 12548 | D:9      | Noticed a two-headed ogre
 12930 | D:9      | Killed a two-headed ogre
 12931 | D:9      | Reached skill level 1 in Invocations
 12931 | D:9      | Reached XP level 10. HP: 42/74 MP: 1/16
 13326 | D:9      | Found a stormy altar of Qazlal.
 14363 | D:10     | Entered Level 10 of the Dungeon
 14416 | D:10     | Found a hazy altar of Hepliaklqana.
 14419 | D:10     | Reached skill level 5 in Invocations
 14425 | D:10     | Reached skill level 5 in Dodging
 14450 | D:10     | Found a radiant altar of Vehumet.
 14912 | D:10     | Noticed a centaur warrior
 15173 | D:10     | Found a staircase to the Lair.
 15498 | D:10     | Killed a centaur warrior
 15590 | D:10     | Gained mutation: You have a pair of horns on your head.
                  | [demonic ancestry]
 15590 | D:10     | Reached XP level 11. HP: 84/84 MP: 11/17
 15677 | D:10     | Learned a level 3 spell: Frozen Ramparts
 16155 | D:11     | Found a staircase to the Orcish Mines.
 16225 | D:11     | Noticed Erica
 16258 | Orc:1    | Entered Level 1 of the Orcish Mines
 16260 | Orc:1    | Reached *** piety under Sif Muna
 16289 | D:11     | Reached skill level 1 in Ice Magic
 16484 | Lair:1   | Entered Level 1 of the Lair of Beasts
 16671 | Lair:1   | Noticed a catoblepas
 16764 | Lair:1   | Killed a catoblepas
 17370 | Lair:1   | Reached skill level 5 in Spellcasting
 17689 | Lair:1   | Noticed Sonja
 17702 | Lair:1   | Killed Sonja
 18090 | Lair:1   | Noticed a 12-headed hydra
 18092 | Lair:1   | Noticed champdelmundo's ghost (journeyman HuGl)
 18092 | Lair:1   | Noticed an 11-headed hydra
 18094 | Lair:1   | Found a runed translucent gate.
 18094 | Lair:1   | Found a runed translucent gate.
 18094 | Lair:1   | Found a runed translucent gate.
 18199 | Lair:2   | Learned a level 3 spell: Ozocubu's Armour
 18685 | Lair:2   | Reached skill level 1 in Maces & Flails
 19183 | Lair:2   | Reached XP level 12. HP: 71/94 MP: 9/21
 19453 | Lair:2   | Identified a scroll of acquirement
 19454 | Lair:2   | Acquired the +2 hat "Ynu Soi" {Regen+ Dex+3}
 19500 | Lair:2   | Noticed Maggie
 19507 | Lair:2   | Killed Maggie
 19507 | Lair:2   | Reached **** piety under Sif Muna
 19739 | Lair:2   | Found a staircase to the Shoals.
 20572 | Lair:3   | Reached skill level 5 in Maces & Flails
 20713 | Lair:3   | Learned a level 3 spell: Swiftness
 21106 | Lair:3   | Found a hole to the Spider Nest.
 21696 | Lair:3   | Learned a level 5 spell: Summon Forest
 21866 | Lair:4   | Identified the +0 leather armour "Dingeu" {Dex+2}
 21942 | Lair:4   | Found a staircase to the Slime Pits.
 21942 | Lair:4   | Found a viscous altar of Jiyva.
 21966 | Lair:4   | Reached skill level 5 in Ice Magic
 22049 | Lair:4   | Reached skill level 10 in Fighting
 22461 | Lair:4   | Reached XP level 13. HP: 87/103 MP: 12/22
 22643 | Lair:4   | Identified the +5 scale mail of Zicafeeh {Stlth+}
 22992 | Lair:5   | Entered Level 5 of the Lair of Beasts
 23000 | Lair:5   | Reached skill level 5 in Summonings
 23000 | Lair:5   | Noticed Josephine
 23007 | Lair:5   | Killed Josephine
 23235 | Lair:5   | Reached skill level 5 in Translocations
 23247 | Lair:5   | Reached ***** piety under Sif Muna
 23565 | Lair:5   | Received a gift from Sif Muna
 23566 | Lair:5   | Got Hiatsen's Compendium of Excruciating Necromancy {god
                  | gift}
 23743 | Lair:5   | Identified the +3 ring mail of Focus {rF+}
 24162 | Lair:5   | Noticed a dire elephant
 25134 | Orc:1    | Noticed an orc warlord
 25263 | Orc:1    | Killed an orc warlord
 25475 | Orc:1    | Noticed an orc warlord
 25524 | Orc:1    | Found a bloodstained altar of Trog.
 25544 | Orc:1    | Killed an orc warlord
 25545 | Orc:1    | Gained mutation: You are surrounded by a strong repulsion
                  | field. (EV +4, RMsl) [demonic ancestry]
 25545 | Orc:1    | Reached XP level 14. HP: 92/110 MP: 5/23
 26006 | Orc:2    | Entered Level 2 of the Orcish Mines
 26020 | Orc:2    | Received a gift from Sif Muna
 26021 | Orc:2    | Got Sif Muna's Collected Works on Promethean Transportation
                  | {god gift}
 26032 | Orc:2    | Noticed Azrael
 26131 | Orc:1    | Killed Azrael
 26213 | Orc:2    | Learned a level 4 spell: Summon Lightning Spire
 26321 | Orc:2    | Reached skill level 1 in Staves
 26322 | Orc:2    | Reached skill level 1 in Armour
 26334 | Orc:2    | Reached skill level 2 in Staves
 26500 | Orc:2    | Reached skill level 3 in Staves
 26573 | Orc:2    | Noticed Rupert
 26596 | Orc:2    | Killed Rupert
 26749 | Orc:2    | Noticed Maurice
 26752 | Orc:2    | Reached skill level 4 in Staves
 26757 | Orc:2    | Killed Maurice
 26783 | Orc:2    | Found Lemiyv's Antique Weapon Shoppe.
 26804 | Orc:2    | Reached skill level 5 in Staves
 26806 | Orc:2    | Found Rykyt's Jewellery Emporium.
 26807 | Orc:2    | Found Ereitiusm's Antique Armour Boutique.
 26814 | Orc:2    | Bought a +6 ring of intelligence for 468 gold pieces
 26853 | Orc:2    | Found Tuin's Antique Weapon Emporium.
 27097 | Orc:2    | Found a staircase to the Elven Halls.
 28074 | Lair:5   | Reached skill level 6 in Staves
 28164 | Lair:5   | Received a gift from Sif Muna
 28165 | Lair:5   | Got Sif Muna's Octavo of the Elliptic Decanter {god gift}
 29242 | D:12     | Reached skill level 7 in Staves
 29242 | D:12     | Reached XP level 15. HP: 119/119 MP: 17/25
 29474 | Orc:2    | Bought the +7 lajatang of Order {silver, rMut} for 1878
                  | gold pieces
 29474 | Orc:2    | Found the +7 lajatang of Order {silver, rMut}
 29638 | D:12     | You fall into a shaft and drop 3 floors!
 29638 | D:15     | Entered Level 15 of the Dungeon
 29681 | D:15     | Identified the serpent talisman of Sloth {rF- rN+++ Str+4}
 29722 | D:14     | Found Kyfeinif's Demolitions Depot.
 30046 | D:13     | Reached skill level 8 in Staves
 30329 | D:12     | Reached ****** piety under Sif Muna
 30471 | D:12     | Reached skill level 9 in Staves
 30691 | D:12     | Received a gift from Sif Muna
 30751 | D:12     | Reached skill level 10 in Staves
 31029 | D:12     | Reached skill level 11 in Staves
 31119 | D:12     | Got the Omnibus of Sweltering Glamour
 31574 | D:13     | Found a gate to the Vaults.
 31986 | D:13     | Reached skill level 12 in Staves
 32012 | D:13     | Found Mutul's Merry Market.
 32857 | D:14     | Received a gift from Sif Muna
 32858 | D:14     | Got Regyg's Notes on the Conjured Plateau {god gift}
 33120 | D:14     | Identified the blade talisman "Qebaafea" {Will+ rCorr
                  | Int-4}
 33308 | D:15     | Gained mutation: You sometimes emit foul miasma when
                  | damaged in melee. [demonic ancestry]
 33308 | D:15     | Reached XP level 16. HP: 116/125 MP: 26/26
 33525 | D:15     | Reached skill level 13 in Staves
 33797 | D:15     | HP: 4/125 [orc knight/+1 war axe of electrocution (14)]
 33797 | D:15     | HP: 1/125 [fire elemental[a deep elf pyromancer] (2)]
 33798 | D:15     | Slain by a fire elemental

Illustrated notes

Levels and vault maps discovered:
D:1:      dpeg_arrival_simpleton_a, layout_loops_corners, skrybe_limestone_x,
          minmay_rat_gold_closets
D:2:      layout_loops_ring, dilly_ecumenical_altar_fadedgnrine,
          serial_bayou_lagoon_b
D:3:      minmay_skewed_foursquare, layout_rooms, cheibriados_altar_1,
          chequers_arboretum, solitary_fountain, uniq_jessica, uniq_sigmund
D:4:      layout_basic, lightli_temple_of_fire, temple_doors_cd
D:5:      layout_basic, grunt_ministairs_1
D:6:      layout_cave_pools, mainiacjoe_overflow_concentric_impassable,
          tso_oasis_becter, portal_sewer_entry_a
D:7:      layout_loops_corners, enter_ossuary_3, enter_bailey_2
D:8:      layout_basic, ebering_ghost_disaster_area, minivault_11,
          lightli_minifort
D:9:      layout_loops_corners, nicolae_qazlal_style_of_elements
D:10:     layout_loops_ring, mainiacjoe_overflow_six_doors_small,
          vehumet_altar_wand_db, david_lair_shrubbed, corexii_corridor_pit
D:11:     layout_irregular_city, orc_0_dummy, onia_ninara_dug_in_and_dangerous,
          uniq_erica, uniq_erolcha
D:12:     minmay_the_grid_square_5x5_5x5 [minmay_the_grid_square_5x5_tie,
          minmay_the_grid_square_5x5_gyroscope, minmay_the_grid_square_5x5_six,
          minmay_the_grid_square_5x5_dogpile,
          minmay_the_grid_square_5x5_shuriken,
          minmay_the_grid_square_5x5_hourglass,
          minmay_the_grid_square_5x5_prize_gold,
          minmay_the_grid_square_5x5_two_walls_a,
          minmay_the_grid_square_5x5_prize_snowflake,
          minmay_the_grid_square_5x5_one_wall,
          minmay_the_grid_square_5x5_minimal,
          minmay_the_grid_square_5x5_three_small,
          minmay_the_grid_square_5x5_prize_itemx,
          minmay_the_grid_square_5x5_moneybag,
          minmay_the_grid_square_5x5_corner, minmay_the_grid_square_5x5_forky,
          minmay_the_grid_square_5x5_prize_rear_guard,
          minmay_the_grid_square_5x5_v, minmay_the_grid_square_5x5_prize_open,
          minmay_the_grid_square_5x5_doubleslash,
          minmay_the_grid_square_5x5_fat_x,
          minmay_the_grid_square_5x5_beaten_path,
          minmay_the_grid_square_5x5_mess, minmay_the_grid_square_5x5_n,
          minmay_the_grid_square_5x5_bracketed], layout_loops_ring,
          portal_ice_cave_demonic_guard, minivault_10, grunt_ministairs_1
D:13:     layout_loops_ring, erik_vaults_1, nicolae_alphabet_shops, minivault_5
D:14:     layout_grid_maze, minivault_24, serial_glass, glass_columns_b,
          glass_columns_b, due_unseen_surprise, item_on_display_a,
          item_on_display_a, feat_on_display, nicolae_blasting_shop
D:15:     grunt_enter_depths_giant_problem, layout_basic
Temple:   minmay_freezing_vapour_temple
Lair:1:   layout_big_grid, gammafunk_ghost_hydra_chop, st_stairs_12, uniq_sonja
Lair:2:   layout_cave_pods, minmay_shoals_entry_hut, cheibrodos_lair_lostbears,
          uniq_maggie
Lair:3:   layout_gridlike, hellmonk_spider_entry_life_and_decay,
          nicolae_volcano_entry_hallway, dpeg_oklob_1, lemuel_fruit_fields
Lair:4:   layout_loops_ring, slime_entry_1
Lair:5:   due_jungle_book, layout_misc_corridors,
          chequers_serial_rivers_small_a, grunt_megastairs_2, uniq_josephine
Orc:1:    layout_diamond_mine, basic_altar, minmay_orc_treasury
Orc:2:    st_orc_open, layout_diamond_mine, uniq_rupert, uniq_azrael,
          uniq_maurice

Skill      XL: |  1  2  3  4  5  6  7  8  9 10 11 12 13 14 15 16 |
---------------+-------------------------------------------------+-----
Conjurations   | 2 3 5 8 |  8.0
Fighting       | 1 2 3 4 5 7 8 10 11 | 11.3
Summonings     | 2 3 4 9 |  9.2
Translocations | 2 3 8 |  8.2
Spellcasting   | 4 6 7 |  7.0
Alchemy        | 2 3 5 8 |  8.0
Air Magic      | 2 3 |  3.0
Dodging        | 2 3 5 7 9 |  9.0
Invocations    | 1 7 8 |  8.1
Ice Magic      | 3 5 |  5.0
Maces & Flails | 3 5 |  5.0
Staves         | 7 12 13 | 13.3
Armour         | 4 |  4.7
Stealth        | |  1.7

Action                     |  1- 3 |  4- 6 |  7- 9 | 10-12 | 13-15 | 16-18 || total
---------------------------+-------+-------+-------+-------+-------+-------++-------
  Melee: Dagger            |    36 |     5 |       |       |       |       ||    41
         Spear             |     8 |       |       |       |       |       ||     8
         Headbutt          |     4 |     7 |    17 |   156 |   284 |    25 ||   493
         Whip              |       |    32 |    93 |   496 |   134 |       ||   755
         Unarmed           |       |       |       |    16 |       |       ||    16
         Lajatang          |       |       |       |       |   808 |    84 ||   892
   Cast: Magic Dart        |   131 |   115 |   289 |   284 |    70 |       ||   889
         Call Imp          |     1 |     7 |    23 |     3 |       |       ||    34
         Blink             |       |     1 |       |     5 |     1 |       ||     7
         Cigotuvi's Dreadf |       |     1 |       |       |       |       ||     1
         Mephitic Cloud    |       |       |    24 |    39 |    18 |       ||    81
         Irradiate         |       |       |       |    28 |    16 |       ||    44
         Frozen Ramparts   |       |       |       |    29 |       |       ||    29
         Ozocubu's Armour  |       |       |       |    21 |    35 |       ||    56
         Summon Forest     |       |       |       |       |    40 |     1 ||    41
         Summon Lightning  |       |       |       |       |    17 |     3 ||    20
 Invoke: Channel Magic     |       |       |       |     1 |       |       ||     1
         Forget Spell      |       |       |       |     1 |       |       ||     1
  Evoke: Wand              |       |       |     3 |     2 |     2 |       ||     7
    Use: Scroll            |     2 |       |    16 |    10 |     9 |       ||    37
         Potion            |       |       |       |     5 |     3 |     1 ||     9
   Stab: Paralysed         |     9 |    18 |    51 |   106 |    94 |       ||   278
         Sleeping          |       |     2 |     1 |     1 |     1 |       ||     5
         Distracted        |       |     1 |       |       |     9 |       ||    10
         Confused          |       |       |     2 |    15 |     6 |       ||    23
 Armour: Robe              |    24 |    21 |    40 |   242 |    71 |       ||   398
         Skin              |       |       |       |    25 |       |       ||    25
         Troll leather arm |       |       |       |       |    53 |       ||    53
         Swamp dragon scal |       |       |       |       |   361 |    65 ||   426
  Dodge: Dodged            |    32 |    25 |    67 |   426 |   519 |    41 ||  1110
         Repelled          |       |       |       |       |    19 |     6 ||    25
  Block: Other             |       |     3 |    24 |    76 |   158 |    18 ||   279
         Reflection        |       |       |     1 |       |    12 |     3 ||    16

Table legend: (Time is in decaauts)
 A = Elapsed time spent in this place.
 B = Non-inter-level travel time spent in this place.
 C = Inter-level travel time spent in this place.
 D = Time resting spent in this place.
 E = Time spent auto-exploring this place.
 F = Levels seen in this place.
 G = Mean time per level.
                   A        B        C        D        E       F      G
               +--------+--------+--------+--------+--------+-----+--------+
         Total |  33661 |  31962 |   1699 |   8312 |  12799 |  24 | 1402.5 |
       Dungeon |  21568 |  20698 |    870 |   4954 |   8845 |  15 | 1437.9 |
        Temple |     10 |      6 |      4 |      0 |      0 |   1 |   10.0 |
          Lair |   8806 |   8134 |    672 |   2592 |   2784 |   5 | 1761.2 |
  Orcish Mines |   2372 |   2220 |    152 |    336 |   1061 |   2 | 1186.0 |
        Bailey |    903 |    903 |      0 |    430 |    108 |   1 |  903.0 |
               +--------+--------+--------+--------+--------+-----+--------+

Top non-repeatable levels by time:
     D:8: 2356 daAuts
    D:10: 2146 daAuts
  Lair:2: 2099 daAuts
    D:12: 2056 daAuts
     D:1: 1911 daAuts
  Lair:4: 1839 daAuts
     D:7: 1763 daAuts
     D:9: 1735 daAuts
  Lair:1: 1707 daAuts
  Lair:5: 1619 daAuts
  Lair:3: 1539 daAuts
     D:3: 1335 daAuts
     D:5: 1330 daAuts
   Orc:2: 1236 daAuts
    D:14: 1229 daAuts
